 Dungeon Crawl Stone Soup version 0.20.1-1-g8b1a95d (webtiles) character file.

2737 acidapple the Spear-Bearer (level 9, -11/71 HPs)
             Began as a Merfolk Skald on Sept 11, 2017.
             Was an Initiate of Gozag.
             Mangled by Drakey's ghost (13 damage)
             ... on level 8 of the Dungeon.
             The game lasted 00:23:54 (7537 turns).

acidapple the Spear-Bearer (Merfolk Skald)          Turns: 7537, Time: 00:23:54

Health: -11/71     AC:  8    Str: 17    XL:     9   Next: 67%
Magic:  0/15       EV: 12    Int: 15    God:    Gozag
Gold:   733        SH:  0    Dex: 13    Spells: 6/16 levels left

rFire    . . .     SeeInvis .   a - +1 spear (flame)
rCold    . . .     Gourm    .   (no shield)
rNeg     . . .     Faith    .   b - +0 leather armour
rPois    .         Spirit   +   A - +2 helmet {Int+3}
rElec    .         Reflect  .   (no cloak)
rCorr    .         Harm     .   l - +0 pair of gloves
MR       .....                  r - +0 pair of boots
Stlth    +.........             F - amulet of guardian spirit
Regen    0.3/turn               (no ring)
MPRegen  0.2/turn               (no ring)

@: no status effects
A: change form in water, swift swim, stealthy swim, strong 1
a: Potion Petition, Call Merchant, Bribe Branch, Renounce Religion


You were on level 8 of the Dungeon.
You worshipped Gozag.
Gozag was pleased with you.
You were not hungry.

You visited 2 branches of the dungeon, and saw 9 of its levels.
You also visited: Ossuary.

You collected 972 gold pieces.
You spent 127 gold pieces at shops.
You paid 112 gold pieces to Gozag.

Inventory:

Hand Weapons
 a - a +1 spear of flaming (weapon)
Missiles
 q - 13 javelins (quivered)
Armour
 b - a +0 leather armour (worn)
 l - a +0 pair of gloves (worn)
 m - a +0 ring mail
 r - a +0 pair of boots (worn)
 w - a +1 pair of boots
 A - a +2 helmet of intelligence (worn)
Jewellery
 p - an uncursed ring of ice
 y - a +2 amulet of reflection
 z - an uncursed amulet of inaccuracy
 F - an amulet of guardian spirit (around neck)
Wands
 C - a wand of iceblast (8/15)
 G - a wand of iceblast (9/15)
 L - a wand of lightning (0/15)
 M - a wand of lightning (0/15)
Scrolls
 e - a scroll of enchant weapon
 i - 5 scrolls of teleportation
 j - 3 scrolls of recharging
 k - 8 scrolls of identify
 v - 4 scrolls of amnesia
 x - 2 scrolls of enchant armour
 E - a scroll of magic mapping
Potions
 f - 4 potions of haste
 g - a potion of berserk rage {unknown}
 h - 5 potions of agility {unknown}
 s - 5 potions of curing
 u - a potion of mutation {unknown}
 B - 2 potions of might {unknown}
 D - 3 potions of invisibility {unknown}
 I - a potion of ambrosia {unknown}
 J - a potion of heal wounds {unknown}
 K - a potion of flight {unknown}
 N - a potion of magic {unknown}
Books
 c - a book of Battle

   Spells                             Type                      Level
   a - Infusion                       Charms                       1
   b - Shroud of Golubria             Charms/Translocation         2
   c - Song of Slaying                Charms                       2
   d - Spectral Weapon                Hexes/Charms                 3
   e - Regeneration                   Charms/Necromancy            3
 H - a book of Misfortune

   Spells                             Type                      Level
   a - Confusing Touch                Hexes                        1
   b - Confuse                        Hexes                        3
   c - Gell's Gravitas                Translocation                3
   d - Petrify                        Transmutation/Earth          4
   e - Metabolic Englaciation         Hexes/Ice                    5
   f - Yara's Violent Unravelling     Hexes/Transmutation          5
Comestibles
 d - 5 bread rations
 n - 3 royal jellies
 o - 5 meat rations
 t - 16 fruits


   Skills:
 + Level 6.9 Fighting
 + Level 9.4 Polearms
 - Level 0.6 Armour
 - Level 2.6 Dodging
 + Level 4.3 Spellcasting
 + Level 4.8 Hexes
 + Level 8.3 Charms


You had 6 spell levels left.
You knew the following spells:

 Your Spells              Type           Power        Failure   Level  Hunger
a - Infusion              Chrm           ####         1%          1    None
b - Spectral Weapon       Hex/Chrm       ###.....     4%          3    ###....
c - Regeneration          Chrm/Necr      ###.......   11%         3    ###....
d - Shroud of Golubria    Chrm/Tloc      ###.......   5%          2    ##.....
e - Confusing Touch       Hex            ###...       3%          1    None


Dungeon Overview and Level Annotations

Branches:
Dungeon (8/15)             Temple (1/1) D:6
   Lair: D:8-11

Altars:
Ashenzari
Cheibriados
Dithmenos
Elyvilon
Fedhas
Gozag
Hepliaklqana
Kikubaaqudgha
Nemelex Xobeh
Okawaru
Qazlal
Ru
Sif Muna
Trog
Uskayaw
Vehumet
Xom
Yredelemnul
Zin

Shops:
D:4 [   D:8 *

Annotations:
D:8 Drakey's ghost, novice MiFi


Innate Abilities, Weirdness & Mutations

You revert to your normal form in water.
You are very nimble and swift while swimming.
You are very stealthy in the water. (Stealth+)
Your muscles are strong. (Str +2)


Message History

* * * LOW HITPOINT WARNING * * *
Evoke which item? (* to show all) (? for menu, Esc to quit)
Aiming: Lightning Bolt (will waste charges)
Press: ? - help, Shift-Dir - straight line, f/p - Drakey's ghost
Aim: Drakey's ghost (almost destroyed)
You hear a mighty clap of thunder!
The bolt of lightning misses Drakey's ghost.
Evoking this partially-identified wand wasted a few charges.
Drakey's ghost hits you!
* * * LOW HITPOINT WARNING * * *
Evoke which item? (* to show all) (? for menu, Esc to quit)
Aiming: Lightning Bolt (will waste charges)
Press: ? - help, Shift-Dir - straight line, f/p - Drakey's ghost
Aim: Drakey's ghost (almost destroyed)
You hear a mighty clap of thunder!
The bolt of lightning misses Drakey's ghost.
Evoking this partially-identified wand wasted a few charges.
Drakey's ghost hits you!
You die...
Your body crumbles into a pile of gold.

#...##.## ####.### ##..#.......
.....#..####......####..##.......
.._.....##.........#...##...W....
.....#................###........
#...##.#.............####........
.....................# #.........
.....##..............# #.........
#................W..## #.........
#######.........@...# #.........
##............# ##......)..
#######............# #......[...
#..##..............# #..........
##.................## #....(.....
.........#.........# #..........
.......####........# #..........
.###...# ##......## #.(...(....
## ##### ##.....# #.........#


You could see Drakey's ghost.

Vanquished Creatures
  A kobold demonologist (D:7)
  A hippogriff (D:8)
  A water moccasin (D:7)
  3 orc warriors
  An ice beast (D:8)
  The ghost of Nachka the Chucker, an amateur TrHu (D:5)
  A sky beast (D:4)
  A phantom (D:5)
  2 ogres
  A centaur (D:6)
  A big kobold (D:7)
  2 bullfrogs
  A wyvern zombie (D:6)
  A scorpion (D:4)
  2 howler monkeys
  2 crimson imps
  A centaur zombie (D:6)
  A jelly (D:8)
  2 hounds
  An orc priest (D:8)
  2 bullfrog skeletons
  2 orc wizards
  Jessica (D:2)
  2 iguanas
  Natasha (twice) (D:2)
  3 worker ants
  A hound zombie (D:7)
  A hound skeleton (D:7)
  8 mummies (Ossuary)
  A worker ant zombie (D:5)
  A howler monkey skeleton (D:7)
  9 adders
  An ooze (D:4)
  2 adder zombies
  A worm (D:3)
  13 dart slugs
  A leopard gecko (D:3)
  14 orcs
  A ball python (D:1)
  6 giant cockroaches
  7 goblins
  7 hobgoblins
  5 jackals
  4 quokkas
  5 bats
  2 hobgoblin zombies (Ossuary)
  8 kobolds
  4 kobold zombies (Ossuary)
  2 orc zombies (Ossuary)
  A quokka skeleton (D:3)
  3 rats
147 creatures vanquished.

Vanquished Creatures (others)
  An orc wizard (D:8)
  8 spectral weapons
9 creatures vanquished.

Grand Total: 156 creatures vanquished

Notes
Turn   | Place    | Note
-------+----------+-------------------------------------------
     0 | D:1      | acidapple the Merfolk Skald began the quest for the Orb.
     0 | D:1      | Reached XP level 1. HP: 16/16 MP: 3/3
   119 | D:1      | Reached XP level 2. HP: 20/22 MP: 5/5
   736 | D:2      | Found a stormy altar of Qazlal.
   774 | D:2      | Reached skill level 4 in Polearms
   774 | D:2      | Reached XP level 3. HP: 23/28 MP: 2/6
   824 | D:2      | Noticed Jessica
   843 | D:2      | Killed Jessica
   843 | D:2      | Reached XP level 4. HP: 28/34 MP: 2/7
  1001 | D:2      | Found an ancient bone altar of Kikubaaqudgha.
  1178 | D:2      | Noticed Natasha
  1188 | D:2      | Killed Natasha
  1222 | D:2      | Noticed Natasha
  1232 | D:2      | Killed Natasha
  1232 | D:2      | Reached XP level 5. HP: 32/41 MP: 4/8
  1284 | D:3      | Reached skill level 5 in Polearms
  1484 | D:3      | Learned a level 3 spell: Spectral Weapon
  1744 | D:3      | Found a sacrificial altar of Ru.
  1848 | D:4      | Found Ykitz's Antique Armour Emporium.
  1864 | D:4      | Bought a runed helmet for 127 gold pieces
  2599 | D:5      | Entered Level 5 of the Dungeon
  2599 | D:5      | Noticed a sky beast
  2873 | D:4      | Killed a sky beast
  2873 | D:4      | Reached skill level 1 in Hexes
  2873 | D:4      | Reached skill level 5 in Charms
  2873 | D:4      | Reached XP level 6. HP: 14/48 MP: 2/9
  2880 | D:4      | Gained mutation: Your muscles are strong. (Str +2) [mutagenic meat]
  3185 | D:4      | Learned a level 3 spell: Regeneration
  3188 | D:4      | Learned a level 2 spell: Shroud of Golubria
  3433 | D:5      | Found a bloodstained altar of Trog.
  3438 | D:5      | Found a shattered altar of Ashenzari.
  3440 | D:5      | Found a shimmering altar of Xom.
  3441 | D:5      | Found a blossoming altar of Fedhas.
  3443 | D:5      | Found a hide-covered altar of Uskayaw.
  3480 | D:5      | Reached XP level 7. HP: 53/54 MP: 10/10
  3514 | D:5      | Reached skill level 6 in Polearms
  3763 | D:5      | Noticed Nachka's ghost (amateur TrHu)
  3787 | D:5      | Killed Nachka's ghost
  4368 | D:6      | Reached XP level 8. HP: 61/61 MP: 4/11
  4571 | D:6      | HP: 2/61 [orc warrior/hand axe (10)]
  4834 | D:6      | Reached skill level 5 in Fighting
  4834 | D:6      | Reached skill level 7 in Polearms
  4930 | D:6      | Found a staircase to the Ecumenical Temple.
  4950 | Temple   | Entered the Ecumenical Temple
  5163 | Temple   | Became a worshipper of Gozag Ym Sagoz the Greedy
  5350 | D:7      | Learned a level 1 spell: Confusing Touch
  5535 | D:7      | Noticed a kobold demonologist
  5539 | D:7      | Noticed a hellwing
  5548 | D:7      | Noticed a hellwing
  5552 | D:7      | Killed a kobold demonologist
  5552 | D:7      | Reached skill level 8 in Polearms
  5627 | D:7      | Found a sand-covered staircase.
  5646 | Ossuary  | Entered an ossuary
  5684 | Ossuary  | Reached XP level 9. HP: 41/69 MP: 9/13
  6261 | D:8      | Noticed Drakey's ghost (novice MiFi)
  6300 | D:8      | Found a deep blue altar of Sif Muna.
  6421 | D:8      | Found Gozag's Platinum Reserve.
  6425 | D:8      | Found an opulent altar of Gozag.
  6446 | D:8      | Reached skill level 9 in Polearms
  6984 | D:8      | Found an iron altar of Okawaru.
  7009 | D:8      | Noticed a hornet
  7536 | D:8      | HP: 2/71 [Drakey's ghost (16)]
  7537 | D:8      | Mangled by Drakey's ghost

Skill      XL: |  1  2  3  4  5  6  7  8  9 |
---------------+----------------------------+-----
Polearms       | 4 5 6 8 9 |  9.4
Charms         | 4 5 6 7 8 |  8.3
Fighting       | 3 4 6 |  6.9
Hexes          | 1 2 3 4 |  4.8
Spellcasting   | 3 4 |  4.3
Armour         | |  0.6
Dodging        | |  2.6

Action                   |  1- 3 |  4- 6 |  7- 9 || total
-------------------------+-------+-------+-------++-------
Melee: Spear             |    88 |   285 |   456 ||   829
       Tailslap          |       |       |     7 ||     7
 Cast: Infusion          |     2 |     3 |    10 ||    15
       Spectral Weapon   |       |     3 |    27 ||    30
       Shroud of Golubri |       |     2 |    11 ||    13
       Regeneration      |       |       |     8 ||     8
       Confusing Touch   |       |       |     1 ||     1
Evoke: Wand              |       |       |     6 ||     6
  Use: Scroll            |       |    12 |     7 ||    19
       Potion            |       |     1 |     1 ||     2
 Stab: Sleeping          |     1 |       |       ||     1
       Distracted        |       |     1 |     6 ||     7
  Eat: Chunk             |       |     7 |     1 ||     8
       Bread ration      |       |     2 |     2 ||     4
       Meat ration       |       |       |     1 ||     1
Armor: Leather armour    |     5 |    26 |    70 ||   101
       Ring mail         |    19 |    48 |       ||    67
Dodge: Dodged            |    38 |   100 |   169 ||   307
Block: Other             |       |     7 |     1 ||     8
